cohdb
Replays
Latest Replays
All Replays
Popular Replays
Top Player Replays
Match Explorer
How It Works
Community
CoH3 Stats
Reddit
Sign in to upload your games and track your stats! →
Sign in with Steam
SNIPER IS KING
Match 42144644
Overview
Messages
Build Orders
End
Pioneer Squad
Construct Infanterie Kompanie
Selects Terror Battlegroup
Selects Machine Gun Camouflage
MG 42 Machine Gun Team
Grenadier Squad
MG 42 Machine Gun Team
GrW 34 Mortar Team
Construct Panzergrenadier Kompanie
Pak 40 Anti-tank Gun Team
Selects Contempt for the Weak
Panzergrenadier Squad
Medical Station
Panzergrenadier Officer Quarters
Panzergrenadier Squad
Construct Panzer Kompanie
Selects Defend the Fatherland
Panzer IV Medium Tank
byronwu
dobRi3000
Insurmountable Odds
Mr. Purple
0
0
Comments
sign in to comment!
No comments posted yet!